 Dungeon Crawl Stone Soup version 0.30-b1-2-g02819fbbbe (webtiles) character file.

Game seed: 5209849383440947323

260 graymark the Magician (level 6, -1/40 HPs)
             Began as a Djinni Fire Elementalist on May 24, 2023.
             Engulfed by a cloud of flame (9 damage)
             ... on level 4 of the Dungeon.
             The game lasted 00:23:36 (2903 turns).

graymark the Magician (Djinni Fire Elementalist)    Turns: 2903, Time: 00:23:36

Health: -1/40      AC:  3    Str:  7    XL:     6   Next: 41%
Gold:   231        EV: 13    Int: 18    God:
                   SH:  0    Dex: 14

rFire   + + .        d - +0 spear (flame)
rCold   x . .        (no shield)
rNeg    . . .        a - +0 robe
rPois   ∞            e - +0 helmet
rElec   .            (no cloak)
rCorr   .            (no gloves)
SInv    .            (boots unavailable)
Will    .....        (no amulet)
Stlth   ++           (no ring)
HPRegen 0.26/turn    (no ring)
MPRegen 0.00/turn

%: infuse magic (-2 HP)
@: flying, very slightly contaminated
A: sickness immunity, fire resistance 2, cold vulnerability 1, float, innate
caster, HP casting, extra vitality 1
a: no special abilities


You were on level 4 of the Dungeon.
You visited 1 branch of the dungeon, and saw 4 of its levels.

You collected 231 gold pieces.

Inventory:

Hand Weapons
 d - a +0 spear of flaming (weapon)
 n - a +0 sling
Missiles
 q - 20 stones
Armour
 a - a +0 robe (worn)
 e - a +0 helmet (worn)
 h - a +3 leather armour
Jewellery
 o - an amulet of faith
Wands
 k - a wand of polymorph (5)
Scrolls
 b - a scroll of silence {unknown}
 i - a scroll of fear {unknown}
 j - a scroll of magic mapping {unknown}
 l - a scroll of amnesia {unknown}
 m - a scroll of blinking {unknown}
 p - 2 scrolls of immolation {unknown}
 r - a scroll of torment {unknown}
Potions
 c - a potion of brilliance
 f - a potion of might {unknown}
 g - 2 potions of attraction {unknown}
 t - 2 potions of resistance


   Skills:
 + Level 3.8 Dodging
 + Level 3.1 Stealth
 * Level 4.0 Spellcasting


You knew the following spells:

 Your Spells              Type           Power      Damage    Failure   Level
a - Foxfire               Conj/Fire      72%        2x1d7     2%          1
b - Scorch                Fire           36%        2d6       4%          2
c - Volatile Blastmotes   Fire/Tloc      36%        2d13      9%          3
d - Inner Flame           Hex/Fire       18%        N/A       9%          3
e - Flame Wave            Conj/Fire      18%        2d7       28%         4
f - Sting                 Tmut/Pois      72%        1d6       2%          1
g - Ensorcelled Hibernat  Hex/Ice        36%        N/A       4%          2
Your spell library was empty.

Dungeon Overview and Level Annotations

Branches:
Dungeon (4/15)
 Temple: D:4-7

Altars:
Gozag


Innate Abilities, Weirdness & Mutations

You are immune to sickness and miasma.
You are immune to poison.
Your flesh is very heat resistant. (rF++)
You are vulnerable to cold. (rC-)
You float through the air rather than walking.
You learn spells naturally, not from books.
Your magical power is your life essence.
You have superior vitality. (+4 MHP)


Message History

Aim: a hobgoblin (inner flame, strong, chance to affect: 68%) Robin looks drowsy...
You hit the hobgoblin but do no damage.
Robin shouts!
Robin closely misses you. The hobgoblin closely misses you.
You hear a shout!
Casting: Ensorcelled Hibernation (safe; 4% risk of failure)
Confirm with . or Enter, or press ? or * to list all spells.
You conjure some foxfire!
A goblin comes into view. It is wielding a +0 dagger.
The hobgoblin misses you.
Casting: Foxfire (safe; 2% risk of failure)
Confirm with . or Enter, or press ? or * to list all spells.
You conjure some foxfire!
The foxfire hits Robin but does no damage.
Robin is severely wounded.
The foxfire hits Robin.
You kill Robin!
The hobgoblin barely misses you.
You hit the hobgoblin but do no damage.
The foxfire hits the hobgoblin but does no damage.
The hobgoblin completely misses you.
Casting: Foxfire (safe; 2% risk of failure)
Confirm with . or Enter, or press ? or * to list all spells.
You miscast Foxfire.
You are very lightly contaminated with residual magic.
Nothing appears to happen.
The hobgoblin hits you.
You hit the hobgoblin.
Flame seeps out of the hobgoblin.
You burn the hobgoblin.
Flame seeps out of the hobgoblin.
The hobgoblin is heavily wounded.
The goblin barely misses you.
The hobgoblin is engulfed in blazing flames.
The hobgoblin explodes!
The fiery explosion engulfs the goblin!!!
You kill the goblin!
The fiery explosion engulfs you! You resist.
* * * LOW HITPOINT WARNING * * *
You hear an angry hiss.
You hear a shout!
You are engulfed in blazing flames.
You resist.
You die...

......##...g.gg
#....#..#...
#......#)#
#..)..)..##
##.#..##..#
##.#..##.##
#.§...##.# ..#
#°§.)....##....
#@§..#..........
#......###......
##.#.....#......
###......#..###
#......###.##.
##.#....##....
#####.##......
##..#...†......
#..>...........


There were no monsters in sight!

Vanquished Creatures
  A scorpion (D:3)
  A jelly (D:4)
  An iguana (D:4)
  Robin (D:4)
  3 adders (D:2)
  A gnoll (D:3)
  2 dart slugs (D:2)
  2 orcs (D:3)
  3 ball pythons
  8 bats
  6 endoplasms
  4 giant cockroaches
  18 goblins
  16 hobgoblins
  2 jackals (D:4)
  4 quokkas
  2 frilled lizards
  5 kobolds
  4 rats
84 creatures vanquished.

Vanquished Creatures (others)
  167 foxfires
167 creatures vanquished.

Grand Total: 251 creatures vanquished

Notes
Turn   | Place    | Note
-------+----------+-------------------------------------------
     0 | D:1      | graymark the Djinni Fire Elementalist began the quest for
                  | the Orb.
     0 | D:1      | graymark set off with the following spells memorised:
                  | Foxfire, Scorch, Volatile Blastmotes, Inner Flame, Flame
                  | Wave.
     0 | D:1      | Reached XP level 1. HP: 15/15 MP: 0/0
   274 | D:1      | Reached XP level 2. HP: 20/21 MP: 0/0
   764 | D:2      | Reached XP level 3. HP: 22/25 MP: 0/0
   764 | D:2      | Learned a level 1 spell: Sting
   880 | D:2      | Reached skill level 3 in Spellcasting
   955 | D:2      | Reached XP level 4. HP: 17/31 MP: 0/0
  1800 | D:3      | Reached XP level 5. HP: 30/35 MP: 0/0
  1800 | D:3      | Learned a level 2 spell: Ensorcelled Hibernation
  2598 | D:3      | Found an opulent altar of Gozag.
  2681 | D:4      | Reached XP level 6. HP: 38/40 MP: 0/0
  2853 | D:4      | Noticed Robin
  2867 | D:4      | Reached skill level 4 in Spellcasting
  2899 | D:4      | Killed Robin
  2903 | D:4      | Engulfed by a cloud of flame

Illustrated notes

Levels and vault maps discovered:
D:1:      ebering_trefoil_twist, layout_loops_ring, nicolae_figureground_pulse
D:2:      cheibrodos_greedy_goblins, layout_basic
D:3:      layout_basic, lemuel_round_altar, reono_crystal_passage, minivault_4,
          kennysheep_nondescript, wad_rectangle_vault
D:4:      layout_cave_pools, uniq_robin

Skill      XL: |  1  2  3  4  5  6 |
---------------+-------------------+-----
Stealth        | 2 3 |  3.1
Spellcasting   | 3 4 |  4.0
Dodging        | 3 |  3.8

Action                     |  1- 3 |  4- 6 || total
---------------------------+-------+-------++-------
  Melee: Spear             |    27 |    52 ||    79
         Punch             |     1 |     1 ||     2
   Cast: Foxfire           |    35 |    67 ||   102
         Sting             |     1 |     4 ||     5
         Scorch            |       |     2 ||     2
         Volatile Blastmot |       |     1 ||     1
         Ensorcelled Hiber |       |     6 ||     6
         Inner Flame       |       |     1 ||     1
    Use: Scroll            |       |     5 ||     5
   Stab: Sleeping          |     1 |     3 ||     4
 Armour: Robe              |     9 |     8 ||    17
  Dodge: Dodged            |    23 |    44 ||    67
